 Dungeon Crawl Stone Soup version 0.28.0-53-g5a82cb258f (webtiles) character file.

Game seed: 10425674745247440248

19 H0rd4k the Charlatan (level 2, 0/21 HPs)
             Began as a Human Artificer on July 7, 2022.
             Slain by a ball python (1 damage)
             ... on level 1 of the Dungeon.
             The game lasted 00:00:51 (953 turns).

H0rd4k the Charlatan (Human Artificer)               Turns: 953, Time: 00:00:53

Health: 0/21       AC:  3    Str: 12    XL:     2   Next: 95%
Magic:  2/2        EV:  8    Int: 11    God:
Gold:   45         SH:  0    Dex: 13    Spells: 1/1 levels left

rFire   . . .      SeeInvis .   a - +0 club
rCold   . . .      Faith    .   (no shield)
rNeg    . . .      Spirit   .   b - +0 leather armour
rPois   .          Reflect  .   (no helmet)
rElec   .          Harm     .   (no cloak)
rCorr   .          Rampage  .   (no gloves)
Will    .....                   (no boots)
Stlth   +.........              (no amulet)
HPRegen 0.07/turn               (no ring)
MPRegen 0.08/turn               (no ring)

@: constricted
A: no striking features
a: no special abilities


You were on level 1 of the Dungeon.
You visited 1 branch of the dungeon, and saw 1 of its levels.

You collected 45 gold pieces.

Inventory:

Hand Weapons
 a - a +0 club (weapon)
Armour
 b - a +0 leather armour (worn)
Magical Staves
 f - a staff of poison
Wands
 c - a wand of flame (15) (quivered)
 d - a wand of charming (14)
Potions
 g - a potion of degeneration {unknown}
Miscellaneous
 e - a piece from Xom's chessboard (15/15)


   Skills:
 + Level 1.2 Fighting
 + Level 0.3 Maces & Flails
 - Level 2.0 Armour
 + Level 1.1 Dodging
 - Level 1.0 Stealth
 + Level 3.7 Evocations


You had one spell level left.
You didn't know any spells.
Your spell library was empty.

Dungeon Overview and Level Annotations

Branches:
Dungeon (1/15)

Altars:


Message History

A ball python comes into view.
The ball python hisses angrily.
The kobold hits you with a +0 short sword.
You barely miss the kobold. You punch the kobold.
The kobold is heavily wounded.
The kobold hits you but does no damage. x2
You closely miss the kobold.
The kobold is heavily wounded.
The kobold barely misses you.
You closely miss the kobold.
The kobold is heavily wounded.
The kobold hits you with a +0 short sword.
The ball python bites you. The ball python grabs you.
The ball python constricts you.
You closely miss the kobold.
The kobold is heavily wounded.
The kobold hits you but does no damage. The ball python closely misses you.
The ball python constricts you.
You barely miss the kobold.
The kobold is heavily wounded.
The ball python barely misses you. The ball python constricts you.
The kobold hits you with a +0 short sword.
The ball python bites you. The ball python constricts you.
The kobold hits you with a +0 short sword.
* * * LOW HITPOINT WARNING * * *
The ball python's grasp on you weakens, but your attempt to escape fails.
The ball python bites you but does no damage.
The ball python constricts you.
* * * LOW HITPOINT WARNING * * *
The kobold hits you with a +0 short sword.
* * * LOW HITPOINT WARNING * * *
Aiming: Throw Flame
Press: ? - help, Shift-Dir - straight line, f - ball python
Aim: a ball python (constricting you, 68% to hit)
Okay, then.
Aiming: Charm
Press: ? - help, Shift-Dir - straight line, f - ball python
Aim: a ball python (constricting you, chance to affect: 75%)
The ball python struggles to resist.
The ball python bites you.
You die...

..≈≈P≈≈.#.......##......
..≈≈≈≈≈.+.......########
.≈≈≈≈≈..#.......#####(((
..≈≈≈≈≈.#........##.(((.
.P≈≈≈≈..#........+...(.8
.≈≈≈≈≈≈.#.......###...(.
...≈≈≈..........# ###(.(
..≈P≈≈≈..#......# ###'
..≈≈≈≈.@#######.# ##..(
..≈≈≈≈.KS.# #.# #..(<
..≈≈≈≈....# #+# ##...
.≈.≈≈≈≈...# ####
..P≈≈≈≈≈... ..≈≈≈≈≈....#
.).≈≈≈≈.....
...P≈≈≈≈..#.#


You could see a ball python and a kobold.

Vanquished Creatures
  A dart slug (D:1)
  2 ball pythons (D:1)
  2 bats (D:1)
  An endoplasm (D:1)
  2 giant cockroaches (D:1)
  3 goblins (D:1)
  A hobgoblin (D:1)
  A kobold (D:1)
  2 rats (D:1)
15 creatures vanquished.

Notes
Turn   | Place    | Note
-------+----------+-------------------------------------------
     0 | D:1      | H0rd4k the Human Artificer began the quest for the Orb.
     0 | D:1      | Reached XP level 1. HP: 15/15 MP: 1/1
   118 | D:1      | Found a faded altar of an unknown god.
   134 | D:1      | Reached XP level 2. HP: 19/21 MP: 2/2
   952 | D:1      | HP: 1/21 [kobold/+0 short sword (2)]
   953 | D:1      | Slain by a ball python

Illustrated notes

Levels and vault maps discovered:
D:1:      minmay_arrival_shattered_statue, layout_basic, basic_ecumenical_altar,
          chequers_big_river

Action                   || total
-------------------------++-------
Melee: Club              ||    72
       Punch             ||     3
Evoke: Wand              ||     1
Armor: Leather armour    ||    31
Dodge: Dodged            ||    46
